 Dungeon Crawl Stone Soup version 0.23.2-1-ga50397a (webtiles) character file.

Game seed: 6480808285101542284

112 mrath the Digger (level 4, -2/24 HPs)
             Began as a Gargoyle Earth Elementalist on May 6, 2019.
             Killed by divine providence
             ... invoked by an orc priest
              (12 damage)
             ... on level 3 of the Dungeon.
             The game lasted 00:23:26 (3481 turns).

mrath the Digger (Gargoyle Earth Elementalist)      Turns: 3481, Time: 00:23:26

Health: -2/24      AC:  5    Str: 12    XL:     4   Next: 95%
Magic:  5/9        EV: 12    Int: 16    God:
Gold:   179        SH:  0    Dex: 10    Spells: 5/9 levels left

rFire    . . .     SeeInvis .   a - +0 short sword
rCold    . . .     Gourm    .   (no shield)
rNeg     + . .     Faith    .   c - +0 robe
rPois    ∞         Spirit   .   (no helmet)
rElec    +         Reflect  .   (no cloak)
rCorr    .         Harm     .   (no gloves)
MR       .....                  (no boots)
Stlth    ++........             (no amulet)
HPRegen  0.08/turn              (no ring)
MPRegen  0.11/turn              (no ring)

@: no status effects
A: negative energy resistance 1, electricity resistance, unbreathing,
petrification resistance, rot immunity, AC +3
a: no special abilities


You were on level 3 of the Dungeon.
You were hungry.

You visited 1 branch of the dungeon, and saw 3 of its levels.

You collected 179 gold pieces.

Inventory:

Hand Weapons
 a - a +0 short sword (weapon)
 h - a +0 club
 l - a +0 hand axe
 n - a +0 hunting sling
 r - a +0 flail
 s - a +0 blowgun
 t - a +0 whip
Missiles
 b - 68 stones (quivered)
 u - 16 poisoned needles
Armour
 c - a +0 robe (worn)
 w - a +1 helmet
Jewellery
 e - an uncursed ring of poison resistance {unknown}
 q - an uncursed ring of poison resistance {unknown}
Scrolls
 f - 5 scrolls of identify {unknown}
 g - a scroll of teleportation {unknown}
 j - 2 scrolls of remove curse {unknown}
 k - 2 scrolls of fog {unknown}
 m - 2 scrolls of magic mapping {unknown}
 o - a scroll of blinking {unknown}
 p - 3 scrolls of amnesia {unknown}
Potions
 i - a potion of lignification {unknown}
Comestibles
 d - 3 rations


   Skills:
 - Level 1.5 Dodging
 - Level 2.1 Stealth
 * Level 3.4 Spellcasting
 + Level 1.4 Conjurations
   Level 0.7 Transmutations
 + Level 4.9 Earth Magic


You had 5 spell levels left.
You knew the following spells:

 Your Spells              Type           Power        Failure   Level  Hunger
a - Sandblast             Erth           ###...       2%          1    None
b - Stone Arrow           Conj/Erth      ##....       14%         3    ###....

Your spell library contained the following spells:

 Spells                   Type           Power        Failure   Level  Hunger
 Passwall                 Tmut/Erth      ##......     9%          2    ##.....
 Petrify                  Tmut/Erth      ##......     50%         4    ####...
 Lee's Rapid Deconstruct  Erth           ###.......   54%         5    ######.


Dungeon Overview and Level Annotations

Branches:
Dungeon (3/15)

Altars:
Fedhas
Gozag
Nemelex Xobeh
Okawaru
The Shining One

Annotations:
D:3 3 runed translucent doors, myga's ghost, amateur OpVM; poirepourri's ghost, amateur OpTm; totalnoob's ghost, amateur GnSk


Innate Abilities, Weirdness & Mutations

You are resistant to torment.
Your stone body is resilient. (AC +3)
You are immune to poison.
You resist negative energy. (rN+)
You are resistant to electric shocks. (rElec)
You can survive without breathing.
You are immune to petrification.
You are immune to rotting.


Message History

Aim: an orc priest, wielding a +0 short sword and wearing a +0 chain mail (severely wounded)
You miscast Stone Arrow.
You are very lightly contaminated with residual magic.
Your skin glows momentarily.
The orc closely misses you. The orc barely misses you.
The orc priest hits you with a +0 short sword.
There is an open door here.
The orc priest looks satisfied for a moment.
The orc priest calls down the wrath of Beogh upon you.
Beogh smites you!
Ouch! That really hurt!
Your magical contamination has completely faded away.
The orc hits you. The orc closely misses you.
All of the chunks of flesh in your inventory have rotted away.
The orc misses you.
The orc priest calls down the wrath of Beogh upon you.
Beogh smites you!
Ouch! That really hurt!
You die...

######'#..#'#.#.#.#.# #.#.
########.#..#.#.#.#.#.# #...
.....)......#.#...#.#.# #...
########.##.#.#####)#.# #...
#....#.......#'#### #.#.
############.............# #r#.
...........'.............# #.#.
############.............# #o#.
#####...####....@........# #.#.
##..'...'..'......o...r..# #.#.
##.##...####.............#####.#.
##.##...# #........o..........#.
##.##...# #....).........####.#.
##.##...# #..............# ###.
##.##...# #..............# #.
##.##...# #..............# #.
#<.###### ####'#########.# ###.


You could see an orc priest, an orc and a rat.

Vanquished Creatures
  4 adders
  A worm (D:2)
  2 dart slugs (D:2)
  3 leopard geckos
  2 orcs
  A ball python (D:2)
  5 bats
  4 giant cockroaches (D:1)
  8 goblins
  10 hobgoblins
  7 kobolds
  2 quokkas
  2 frilled lizards
  10 rats
61 creatures vanquished.

Notes
Turn   | Place    | Note
-------+----------+-------------------------------------------
     0 | D:1      | mrath the Gargoyle Earth Elementalist began the quest for
                  | the Orb.
     0 | D:1      | Reached XP level 1. HP: 10/10 MP: 3/3
   163 | D:1      | Reached skill level 4 in Earth Magic
   219 | D:1      | Reached XP level 2. HP: 15/15 MP: 3/5
   884 | D:1      | Reached XP level 3. HP: 19/19 MP: 1/6
  1239 | D:2      | Learned a level 3 spell: Stone Arrow
  1764 | D:2      | Reached XP level 4. HP: 24/24 MP: 8/8
  1820 | D:2      | Reached skill level 1 in Conjurations
  1989 | D:2      | Found a sparkling altar of Nemelex Xobeh.
  1991 | D:2      | Found an iron altar of Okawaru.
  1992 | D:2      | Found a blossoming altar of Fedhas.
  1992 | D:2      | Found a glowing golden altar of the Shining One.
  2871 | D:3      | Found an opulent altar of Gozag.
  3348 | D:3      | Found a runed translucent gate.
  3349 | D:3      | Found a runed translucent gate.
  3349 | D:3      | Found a runed translucent gate.
  3350 | D:3      | Noticed totalnoob's ghost (amateur GnSk)
  3350 | D:3      | Noticed poirepourri's ghost (amateur OpTm)
  3351 | D:3      | Noticed myga's ghost (amateur OpVM)
  3481 | D:3      | Killed from afar by an orc priest

Skill      XL: |  1  2  3  4 |
---------------+-------------+-----
Earth Magic    | 4 |  4.9
Spellcasting   | 3 |  3.4
Conjurations   | 1 |  1.4
Dodging        | |  1.5
Stealth        | |  2.1
Transmutations | |  0.7

Action                   |  1- 3 |  4- 6 || total
-------------------------+-------+-------++-------
Melee: Short sword       |    69 |    61 ||   130
 Cast: Sandblast         |    30 |    15 ||    45
       Stone Arrow       |       |     5 ||     5
 Stab: Sleeping          |     3 |       ||     3
  Eat: Chunk             |     3 |     5 ||     8
Armor: Robe              |    17 |    23 ||    40
Dodge: Dodged            |    60 |    60 ||   120
